 Dungeon Crawl Stone Soup version 0.30.1 (webtiles) character file.

Game seed: 7541707149549628526

153 booth the Conjurer (level 5, -2/38 HPs)
             Began as a Draconian Conjurer on July 5, 2023.
             Killed by nerve-wracking pain
             ... invoked by Grinder
              (10 damage)
             ... on level 4 of the Dungeon on July 6, 2023.
             The game lasted 00:18:57 (3244 turns).

booth the Conjurer (Draconian Conjurer)             Turns: 3244, Time: 00:18:57

Health: -2/38      AC:  6    Str: 14      XL:     5   Next: 12%
Magic:  7/9        EV: 12    Int: 19 (20) God:
Gold:   89         SH:  0    Dex:  7 (9)  Spells: 3/9 levels left

rFire   + + .        i - +8 spear "Ciptu" {elec, rF++ Str+4}
rCold   . . .        (no shield)
rNeg    . . .        (body armour unavailable)
rPois   .            (helmet restricted)
rElec   .            l - +0 cloak
rCorr   .            (no gloves)
SInv    .            (no boots)
Will    .....        (no amulet)
Stlth   ++           (no ring)
HPRegen 0.26/turn    (no ring)
MPRegen 0.11/turn

%: no passive effects
@: no status effects
A: AC +5, unfitting armour, cold-blooded
a: no special abilities


You were on level 4 of the Dungeon.
You visited 1 branch of the dungeon, and saw 4 of its levels.

You collected 89 gold pieces.

Inventory:

Hand Weapons
 b - a +1 short sword
 i - the +8 spear "Ciptu" (weapon) {elec, rF++ Str+4}
   (You found it on level 2 of the Dungeon)

   Str:       It affects your strength (+4).
   rF:        It greatly protects you from fire.
Missiles
 e - 11 poisoned darts
 n - a throwing net
Armour
 l - a +0 cloak (worn)
Scrolls
 k - a scroll of teleportation {unknown}
 o - a scroll of enchant weapon
 p - a scroll of silence {unknown}
 q - a scroll of magic mapping {unknown}
 s - a scroll of torment {unknown}
Potions
 a - a potion of magic
 c - a potion of haste
 d - a potion of mutation
 f - a potion of attraction {unknown}
 g - a potion of ambrosia {unknown}
 h - a potion of flight {unknown}
 m - a potion of berserk rage {unknown}


   Skills:
 + Level 2.8 Dodging
 + Level 3.0 Stealth
 + Level 2.9 Spellcasting
 + Level 4.7 Conjurations
 + Level 0.4 Hexes


You had 3 spell levels left.
You knew the following spells:

 Your Spells              Type           Power      Damage    Failure   Level
a - Magic Dart            Conj           80%        1d7       2%          1
b - Searing Ray           Conj           40%        2d5       3%          2
c - Dazzling Flash        Conj/Hex       24%        N/A       16%         3

Your spell library contained the following spells:

 Spells                   Type           Power      Damage    Failure   Level
 Fulminant Prism          Conj/Hex       6%         3d7       47%         4
 Iskenderun's Mystic Bla  Conj/Tloc      11%        2d4       50%         4
 Summon Ice Beast         Ice/Summ       2%         N/A       83%         4
 Summon Mana Viper        Hex/Summ       3%         N/A       98%         5
 Monstrous Menagerie      Summ           1%         N/A       100%        7


Dungeon Overview and Level Annotations

Branches:
Dungeon (4/15)
 Temple: D:4-7

Altars:
Dithmenos

Annotations:
D:4 Grinder


Innate Abilities, Weirdness & Mutations

Your plain brown scales are hard. (AC +5)
You cannot fit into any form of body armour.
You are cold-blooded and may be slowed by cold attacks.


Message History

Aim: Grinder (about 38% to evade the +8 spear "Ciptu")
You reach to attack!
You puncture Grinder! Lightning courses through Grinder!
Grinder is severely wounded.
Grinder gestures at you. Pain shoots through your body!
Reach: i) +8 spear "Ciptu" {elec, rF++ Str+4}
Press: ? - help, Dir - move target, f/p - Grinder
Aim: Grinder (severely wounded, about 38% to evade the +8 spear "Ciptu")
You reach to attack!
You closely miss Grinder.
Grinder is severely wounded.
Grinder gestures at you.
You shrug off the repeated paralysis!
Reach: i) +8 spear "Ciptu" {elec, rF++ Str+4}
Press: ? - help, Dir - move target, f/p - Grinder
Aim: Grinder (severely wounded, about 38% to evade the +8 spear "Ciptu")
You reach to attack!
You puncture Grinder!
Grinder is almost dead.
The giant cockroach barely misses you. Grinder gestures at you.
You suddenly lose the ability to move!
The giant cockroach bites you but does no damage.
Grinder gestures at you. Pain shoots through your body!
The giant cockroach bites you but does no damage.
Grinder blinks!
The giant cockroach bites you but does no damage.
The giant cockroach bites you.
The giant cockroach bites you but does no damage.
You can move again.
You closely miss the giant cockroach. The giant cockroach barely misses you.
The giant cockroach misses you. Grinder gestures at you.
Pain shoots through your body!
* * * LOW HITPOINT WARNING * * *
You barely miss Grinder. You tail-slap Grinder.
Grinder is almost dead.
The giant cockroach bites you but does no damage.
Grinder gestures at you. Pain shoots through your body!
You die...

.. ... #.# #..
.. ..
...##.###.# #
.#[.......##.##
..............#
...............
...............
.$....B@...#
#.....5...##
#....#..$##
#.## ##.## #
#!# ..# ###


You could see Grinder and a giant cockroach.

Vanquished Creatures
  A hound (D:3)
  An iguana (D:3)
  2 adders (D:2)
  2 worms
  A dart slug (D:1)
  2 orcs (D:3)
  2 endoplasms
  2 giant cockroaches (D:1)
  9 goblins
  5 hobgoblins
  4 jackals (D:1)
  6 kobolds
  3 quokkas
  7 ball pythons
  7 bats
  5 frilled lizards
  4 rats
63 creatures vanquished.

Notes
Turn   | Place    | Note
-------+----------+-------------------------------------------
     0 | D:1      | booth the Draconian Conjurer began the quest for the Orb.
     0 | D:1      | Reached XP level 1. HP: 14/14 MP: 3/3
     6 | D:1      | Noticed a demonspawn zombie
    23 | D:1      | Noticed a merfolk zombie
   353 | D:1      | Reached XP level 2. HP: 20/20 MP: 3/5
   356 | D:1      | Learned a level 2 spell: Searing Ray
   479 | D:1      | Found a faded altar of an unknown god.
  1040 | D:1      | Reached XP level 3. HP: 26/26 MP: 2/6
  1568 | D:2      | Identified the +8 spear "Ciptu" {elec, rF++ Str+4}
  2040 | D:2      | Found a shadowy altar of Dithmenos.
  2267 | D:3      | Reached XP level 4. HP: 33/33 MP: 3/7
  2649 | D:3      | Learned a level 3 spell: Dazzling Flash
  3181 | D:4      | Noticed Grinder
  3187 | D:3      | Reached XP level 5. HP: 27/38 MP: 9/9
  3232 | D:4      | Paralysed by Grinder for 3 turns
  3238 | D:4      | Paralysed by Grinder for 5 turns
  3244 | D:4      | Killed from afar by Grinder

Illustrated notes

Levels and vault maps discovered:
D:1:      shiori_arrival_whats_in_store_for_you, layout_basic,
          ebering_ecumenical_altar_hall
D:2:      layout_loops_cross, basic_altar
D:3:      layout_basic
D:4:      layout_rooms, serial_shops, nicolae_take_the_stairs, minmay_pentangle,
          uniq_grinder, uniq_ijyb

Skill      XL: |  1  2  3  4 |
---------------+-------------+-----
Stealth        | 2 3 |  3.0
Dodging        | 2 |  2.8
Spellcasting   | |  2.9
Conjurations   | |  4.7
Hexes          | |  0.4

Action                     |  1- 3 |  4- 6 || total
---------------------------+-------+-------++-------
  Melee: Unarmed           |    12 |       ||    12
         Short sword       |    31 |       ||    31
         Tailslap          |     3 |     1 ||     4
         Punch             |     2 |       ||     2
         Spear             |     4 |    18 ||    22
   Cast: Magic Dart        |    57 |    23 ||    80
         Searing Ray       |     5 |     3 ||     8
    Use: Scroll            |     6 |     2 ||     8
         Potion            |     4 |     1 ||     5
 Armour: Skin              |    20 |    10 ||    30
  Dodge: Dodged            |    37 |     7 ||    44
